 Dungeon Crawl Stone Soup version 0.32-a0-450-g080537f31e (webtiles) character file.

Game seed: 6470317066412875802

21928 CougarLife the Geomancer (level 12, -11/69 HPs)
             Began as a Gargoyle Earth Elementalist on Feb 24, 2024.
             Was an Initiate of Gozag.
             Mangled by a white ugly thing (16 damage)
             ... in an ice cave.
             The game lasted 00:24:14 (17416 turns).

CougarLife the Geomancer (GrEE)                    Turns: 17416, Time: 00:24:15

Health: -11/69     AC: 18    Str: 13    XL:     12   Next: 95%
Magic:  5/26       EV: 16    Int: 20    God:    Gozag
Gold:   2699       SH:  0    Dex: 10    Spells: 23/32 levels left

rFire   x . .        b - staff of conjuration
rCold   + . .        (no shield)
rNeg    + . .        N - +2 leather armour {Will+}
rPois   ∞            D - +0 helmet
rElec   +            f - +0 cloak
rCorr   .            v - +0 pair of gloves
SInv    .            x - +1 pair of boots
Will    +....        e - amulet of the acrobat
Stlth   ++           K - ring of ice
HPRegen 0.31/turn    E - +5 ring of evasion
MPRegen 0.20/turn

%: acrobat
@: studying Ranged Weapons
A: sickness immunity, AC +8, negative energy resistance 1, electricity
resistance, torment resistance 1, petrification resistance
a: Renounce Religion, Potion Petition, Call Merchant, Bribe Branch


You were in an ice cave.
You worshipped Gozag.
Gozag was most pleased with you.
You visited 3 branches of the dungeon, and saw 14 of its levels.
You also visited: Sewer and Ice Cave.

You collected 3193 gold pieces.
You paid 494 gold pieces to Gozag.

Inventory:

Missiles
 B - a throwing net
Armour
 f - a +0 cloak (worn)
 v - a +0 pair of gloves (worn)
 x - a +1 pair of boots (worn)
 D - a +0 helmet (worn)
 N - a +2 leather armour of willpower (worn)
Magical Staves
 b - a staff of conjuration (weapon)
Jewellery
 e - an amulet of the acrobat (around neck)
 p - a ring of willpower
 E - a +5 ring of evasion (right hand)
 K - a ring of ice (left hand)
Wands
 u - a wand of digging (9)
 w - a wand of flame (28)
 y - a wand of paralysis (19)
 A - a wand of acid (13)
 M - a wand of mindburst (15)
 O - a wand of iceblast (10)
Scrolls
 a - 2 scrolls of fog
 c - 9 scrolls of teleportation
 g - 4 scrolls of poison
 i - a scroll of silence
 k - 2 scrolls of torment
 n - 5 scrolls of enchant armour
 o - a scroll of enchant weapon
 q - 4 scrolls of noise
 s - 2 scrolls of fear
 z - 2 scrolls of revelation
 F - 2 scrolls of brand weapon {unknown}
 P - a scroll of identify
 Q - a scroll of immolation {unknown}
Potions
 d - 3 potions of haste
 h - a potion of enlightenment {unknown}
 j - 4 potions of curing
 l - a potion of lignification {unknown}
 m - 5 potions of heal wounds
 r - a potion of brilliance {unknown}
 t - 2 potions of mutation {unknown}
 C - a potion of might {unknown}
 G - 2 potions of invisibility {unknown}
 H - a potion of experience {unknown}
 I - a potion of berserk rage {unknown}
 J - 2 potions of cancellation {unknown}
 L - a potion of attraction {unknown}


   Skills:
 * Level 5.9 Fighting
 - Level 1.5 Dodging
 - Level 2.1 Stealth
 + Level 10.8 Spellcasting
 + Level 12.5 Conjurations
 + Level 6.3 Fire Magic
 + Level 13.5 Earth Magic


You had 23 spell levels left.
You knew the following spells:

 Your Spells              Type           Power      Damage    Failure   Level
a - Sandblast             Erth           100%       2d20      1%          1
b - Stone Arrow           Conj/Erth      100%       3d13      1%          3
c - Fireball              Conj/Fire      32%        3d14      4%          5

Your spell library contained the following spells:

 Spells                   Type           Power      Damage    Failure   Level
 Magic Dart               Conj           100%       1d8       1%          1
 Passwall                 Erth           60%        N/A       1%          3
 Brom's Barrelling Bould  Conj/Erth      76%        2d9       1%          4
 Petrify                  Alch/Erth      38%        N/A       4%          4
 Blink                    Tloc           20%        N/A       12%         2
 Call Imp                 Summ           20%        N/A       12%         2
 Borgnjor's Vile Clutch   Necr/Erth      19%        N/A       14%         5
 Call Canine Familiar     Summ           10%        N/A       24%         3
 Sigil of Binding         Hex            10%        N/A       24%         3
 Anguish                  Hex/Necr       5%         N/A       63%         4
 Cause Fear               Hex            5%         N/A       63%         4
 Dimensional Bullseye     Hex/Tloc       5%         N/A       63%         4
 Death Channel            Necr           5%         N/A       100%        6
 Enfeeble                 Hex            5%         N/A       100%        7
 Dragon's Call            Summ           5%         N/A       100%        9
 Animate Dead             Necr           Unusable   N/A       N/A         4

Dungeon Overview and Level Annotations

Branches:
Dungeon (11/15)            Temple (1/1) D:5            Lair (2/5) D:9
  Swamp (0/4) Lair:2       Spider (0/4) Lair:2        Sewer (visited)
  IceCv (1/1)
    Orc: D:9-12

Altars:
Ashenzari
Cheibriados
Dithmenos
Elyvilon
Fedhas
Gozag
Hepliaklqana
Kikubaaqudgha
Makhleb
Nemelex Xobeh
Okawaru
Qazlal
Ru
Sif Muna
Trog
Uskayaw
Vehumet
Wu Jian
Xom
Yredelemnul
Zin
The Shining One

Shops:
D:1 ?

Annotations:
IceCv exclusion: 2 ice statues


Innate Abilities, Weirdness & Mutations

You are immune to sickness and miasma.
Your stone body is resilient. (AC +8)
You are immune to poison.
You resist negative energy. (rN+)
You are resistant to electric shocks. (rElec)
You are resistant to unholy torment.
You are immune to petrification.


Message History

Confirm with . or Enter, or press ? or * to list all spells.
Aiming: Stone Arrow (safe; 1% risk of failure)
Press: ? - help, Shift-Dir - straight line, f/p - white ugly thing
Aim: a white ugly thing (heavily wounded, 78% to hit)
You feel a surge of power!
The stone arrow hits the white ugly thing!
The white ugly thing is severely wounded.
The white ugly thing tail-slaps you but does no damage.
Casting: Stone Arrow (safe; 1% risk of failure)
Confirm with . or Enter, or press ? or * to list all spells.
Aiming: Stone Arrow (safe; 1% risk of failure)
Press: ? - help, Shift-Dir - straight line, f/p - white ugly thing
Aim: a white ugly thing (severely wounded, 78% to hit)
You feel a surge of power!
The stone arrow hits the white ugly thing!!
The white ugly thing is almost dead.
The white ugly thing tail-slaps you! The white ugly thing freezes you!
You resist.
Casting: Stone Arrow (safe; 1% risk of failure)
Confirm with . or Enter, or press ? or * to list all spells.
Aiming: Stone Arrow (safe; 1% risk of failure)
Press: ? - help, Shift-Dir - straight line, f/p - white ugly thing
Aim: a white ugly thing (almost dead, 78% to hit)
You feel a surge of power!
The stone arrow misses the white ugly thing.
The white ugly thing tail-slaps you. The white ugly thing freezes you!
You resist.
* * * LOW HITPOINT WARNING * * *
Casting: Stone Arrow (safe; 1% risk of failure)
Confirm with . or Enter, or press ? or * to list all spells.
Aiming: Stone Arrow (safe; 1% risk of failure)
Press: ? - help, Shift-Dir - straight line, f/p - white ugly thing
Aim: a white ugly thing (almost dead, 78% to hit)
You feel a surge of power!
The stone arrow misses the white ugly thing.
The white ugly thing tail-slaps you!
* * * LOW HITPOINT WARNING * * *
The white ugly thing freezes you! You resist.
You die...
Your body crumbles into a pile of gold.

############# #######
##....I#?[?..## ##.....#
#......#?.....###......#
.......#.......#.......#
............u@....∩..∩.#
.......#.......#.......#
#......#/.....###......#
##....I#[$?..## ##.....#
############# #######


You could see a white ugly thing.

Vanquished Creatures
  A boulder beetle (Lair:1)
  Nergalle (Lair:1)
  5 elephants
  A cyclops (D:11)
  Joseph (D:7)
  A black mamba (Lair:1)
  3 cane toads
  4 rime drakes
  4 komodo dragons
  A troll (D:9)
  2 polar bears (Lair:1)
  A hornet (D:8)
  Grinder (D:5)
  7 blink frogs
  A shadow (D:9)
  A wraith (D:10)
  2 vampires
  31 yaks
  4 wyverns
  The ghost of Splishie the Poker, an amateur DrMo of Qazlal (D:3)
  2 basilisks (Lair:1)
  3 death yak simulacra (IceCv)
  2 steam dragons
  Duvessa (D:7)
  9 water moccasins
  3 orc warriors
  An ice beast (D:7)
  2 black bears
  2 ogres
  7 wolves
  2 centaurs
  16 bullfrogs
  5 scorpions
  A gnoll sergeant (D:10)
  9 wights
  Dowan (D:7)
  4 killer bees (D:8)
  4 howler monkeys
  A bombardier beetle (D:4)
  3 hounds
  7 jellies
  6 orc priests
  3 gnoll boudas
  3 iguanas
  Jessica (D:2)
  Ijyb (D:4)
  10 orc wizards
  Natasha (thrice) (D:2)
  A wolf simulacrum (IceCv)
  29 gnolls
  13 adders
  A shadow imp (D:5)
  A white imp (D:7)
  2 ufetubi (D:6)
  12 dart slugs
  3 ribbon worms (D:2)
  25 orcs
  17 ball pythons
  13 endoplasms
  8 giant cockroaches
  9 goblins
  5 hobgoblins
  4 jackals (D:3)
  A quokka (D:4)
  4 bats
  6 frilled lizards
  10 kobolds
  7 rats
356 creatures vanquished.

Notes
Turn   | Place    | Note
-------+----------+-------------------------------------------
     0 | D:1      | CougarLife the Gargoyle Earth Elementalist began the quest
                  | for the Orb.
     0 | D:1      | Reached XP level 1. HP: 10/10 MP: 3/3
   145 | D:1      | Found Satseq's Assorted Antiques.
   156 | D:1      | Reached XP level 2. HP: 15/15 MP: 3/5
   365 | D:1      | Found Fyirruitz's Magic Scroll Boutique.
   504 | D:1      | Reached skill level 4 in Earth Magic
  1016 | D:2      | Noticed Natasha
  1021 | D:1      | Reached XP level 3. HP: 18/19 MP: 3/6
  1061 | D:2      | Killed Natasha
  1192 | D:2      | Noticed Jessica
  1197 | D:2      | Killed Jessica
  1198 | D:2      | Reached XP level 4. HP: 19/24 MP: 3/8
  1257 | D:2      | Noticed Natasha
  1259 | D:2      | Killed Natasha
  1326 | D:2      | Noticed Natasha
  1329 | D:2      | Killed Natasha
  1330 | D:2      | Reached XP level 5. HP: 19/28 MP: 6/9
  1787 | D:2      | Reached skill level 5 in Earth Magic
  2204 | D:2      | Learned a level 3 spell: Stone Arrow
  2387 | D:3      | Found a radiant altar of Vehumet.
  2927 | D:3      | Found a runed translucent gate.
  2928 | D:3      | Found a runed translucent gate.
  2930 | D:3      | Found a runed translucent gate.
  2931 | D:3      | Found an opulent altar of Gozag.
  2932 | D:3      | Noticed Splishie's ghost (amateur DrMo)
  3191 | D:3      | Killed Splishie's ghost
  3192 | D:3      | Reached XP level 6. HP: 10/32 MP: 0/12
  3321 | D:3      | Became a worshipper of Gozag Ym Sagoz the Greedy
  3472 | D:4      | Found a glowing drain.
  3479 | Sewer    | Entered a sewer
  3760 | Sewer    | Reached skill level 6 in Earth Magic
  3760 | Sewer    | Reached XP level 7. HP: 35/36 MP: 9/13
  4158 | Sewer    | Identified the amulet of Saibire {Acrobat rN+ Will- Str+7
                  | Slay-2}
  4416 | D:4      | Found a blossoming altar of Fedhas.
  4678 | D:4      | Reached skill level 5 in Conjurations
  5067 | D:4      | Noticed Ijyb
  5084 | D:4      | Killed Ijyb
  5296 | D:5      | Entered Level 5 of the Dungeon
  5474 | D:5      | Noticed Grinder
  5475 | D:5      | Found a staircase to the Ecumenical Temple.
  5476 | D:5      | Paralysed by Grinder for 4 turns
  5481 | D:5      | Reached skill level 5 in Spellcasting
  5481 | D:5      | Reached skill level 7 in Earth Magic
  5481 | D:5      | Reached XP level 8. HP: 39/41 MP: 10/15
  5482 | D:5      | Killed Grinder
  5583 | Temple   | Entered the Ecumenical Temple
  6152 | D:5      | Reached skill level 8 in Earth Magic
  6358 | D:6      | Found an iron altar of Okawaru.
  6657 | D:7      | Noticed Joseph
  6662 | D:7      | Killed Joseph
  6663 | D:7      | Reached XP level 9. HP: 45/45 MP: 7/18
  6677 | D:7      | Found a broken altar of Ashenzari.
  6698 | D:7      | Found a snail-covered altar of Cheibriados.
  6799 | D:7      | Found an ancient bone altar of Kikubaaqudgha.
  6817 | D:7      | Reached skill level 9 in Earth Magic
  6897 | D:7      | Noticed Duvessa
  6898 | D:7      | Noticed Dowan
  6904 | D:7      | Killed Duvessa
  6906 | D:7      | Killed Dowan
  7585 | D:6      | Found a sparkling altar of Nemelex Xobeh.
  7663 | D:6      | Reached skill level 10 in Earth Magic
  7703 | D:6      | Reached XP level 10. HP: 50/50 MP: 18/21
  8431 | D:7      | Found a shimmering altar of Xom.
  8722 | D:8      | Found a hazy altar of Hepliaklqana.
  9179 | D:8      | Reached skill level 11 in Earth Magic
  9218 | D:8      | Reached skill level 10 in Conjurations
  9970 | D:9      | Reached XP level 11. HP: 11/54 MP: 1/24
 10231 | D:9      | Found a staircase to the Lair.
 10391 | D:9      | Reached skill level 12 in Earth Magic
 10836 | D:9      | Reached skill level 1 in Fire Magic
 11527 | D:9      | Found a sacrificial altar of Ru.
 11569 | D:10     | Entered Level 10 of the Dungeon
 12965 | D:10     | Learned a level 5 spell: Fireball
 12966 | D:11     | Noticed a cyclops
 12966 | D:11     | Found a broken altar of Ashenzari.
 12968 | D:11     | Killed a cyclops
 13169 | Lair:1   | Entered Level 1 of the Lair of Beasts
 13171 | Lair:1   | Reached skill level 1 in Fighting
 13398 | D:9      | Reached skill level 10 in Spellcasting
 13686 | Lair:1   | Reached XP level 12. HP: 50/64 MP: 13/26
 14104 | Lair:1   | Reached skill level 5 in Fire Magic
 14355 | Lair:1   | Noticed a boulder beetle
 14364 | Lair:1   | Killed a boulder beetle
 14368 | Lair:1   | Reached skill level 13 in Earth Magic
 15787 | Lair:1   | Reached skill level 5 in Fighting
 16803 | Lair:1   | Noticed Nergalle
 16809 | Lair:1   | Killed Nergalle
 17050 | Lair:2   | Found a frozen archway.
 17069 | IceCv    | Entered an ice cave
 17416 | IceCv    | Mangled by a white ugly thing

Illustrated notes

Levels and vault maps discovered:
D:1:      shiori_arrival_elements, layout_loops_ring, serial_shops, shop, shop
D:2:      layout_basic, uniq_natasha, uniq_jessica
D:3:      layout_loops_ring, old_standard_altar, ebering_ghost_gozag
D:4:      layout_layer_cave, mainiacjoe_overflow_brackets,
          mainiacjoe_sewer_entry_somewhere_in_here_2, uniq_ijyb
D:5:      layout_rooms, minmay_temple_entry_junction_2, uniq_grinder
D:6:      layout_cave_pools, nemelex_dance_club_becter,
          okawaru_ov_weapons_minmay
D:7:      layout_cave_pods, lemuel_round_altar,
          mainiacjoe_overflow_catch_the_wave, mainiacjoe_overflow_paths,
          enter_bailey_7, uniq_joseph, uniq_duvessa, uniq_crazy_yiuf_cottage
D:8:      layout_loops_ring, nicolae_overflow_crystal_walls, uniq_grum
D:9:      layout_irregular_city, lemuel_doored_altar,
          due_lair_maze_entry_diamond
D:10:     layout_long_grid
D:11:     layout_rooms, cheibrodos_ashenzari_chains
Temple:   nicolae_temple_x_marks_the_god
Lair:1:   layout_gridlike, minmay_shattered_shrine, grunt_megastairs_3,
          uniq_nergalle
Lair:2:   layout_loops_ring, minmay_swamp_entry_swarm, spider_nest_entry_rubble,
          portal_ice_cave_entry_pillars_1, basic_altar, lemuel_oklob_altar
IceCv:    ice_cave_statue_garden_chambered

Skill      XL: |  1  2  3  4  5  6  7  8  9 10 11 12 |
---------------+-------------------------------------+-----
Earth Magic    | 4 5 6 7 8 10 11 12 13 | 13.5
Conjurations   | 2 3 4 5 7 8 10 11 12 | 12.5
Spellcasting   | 3 4 5 6 7 9 10 | 10.8
Fire Magic     | 4 6 |  6.3
Fighting       | 2 5 |  5.9
Dodging        | |  1.5
Stealth        | |  2.1

Action                     |  1- 3 |  4- 6 |  7- 9 | 10-12 || total
---------------------------+-------+-------+-------+-------++-------
  Melee: Dagger            |     7 |     3 |       |       ||    10
         Staff             |       |     1 |     8 |    66 ||    75
   Cast: Sandblast         |    32 |    89 |   142 |   164 ||   427
         Stone Arrow       |       |     5 |    41 |   152 ||   198
         Fireball          |       |       |       |    56 ||    56
 Invoke: Potion Petition   |       |       |       |     1 ||     1
    Use: Potion            |       |     1 |       |       ||     1
         Scroll            |       |       |       |    16 ||    16
   Stab: Sleeping          |       |     1 |       |       ||     1
         Distracted        |       |       |       |     1 ||     1
 Armour: Robe              |     8 |    29 |    93 |     3 ||   133
         Leather armour    |       |       |       |   203 ||   203
  Dodge: Dodged            |    17 |    56 |   107 |   237 ||   417

Table legend: (Time is in decaauts)
 A = Elapsed time spent in this place.
 B = Non-inter-level travel time spent in this place.
 C = Inter-level travel time spent in this place.
 D = Time resting spent in this place.
 E = Time spent auto-exploring this place.
 F = Levels seen in this place.
 G = Mean time per level.
                   A        B        C        D        E       F      G
               +--------+--------+--------+--------+--------+-----+--------+
         Total |  17771 |  17042 |    729 |   4877 |   8702 |  16 | 1110.7 |
       Dungeon |  13595 |  12910 |    685 |   3272 |   7126 |  11 | 1235.9 |
        Temple |      1 |      1 |      0 |      0 |      0 |   1 |    1.0 |
          Lair |   2956 |   2912 |     44 |   1337 |    917 |   2 | 1478.0 |
         Sewer |    871 |    871 |      0 |      0 |    659 |   1 |  871.0 |
      Ice Cave |    346 |    346 |      0 |    268 |      0 |   1 |  346.0 |
               +--------+--------+--------+--------+--------+-----+--------+

Top non-repeatable levels by time:
  Lair:1: 2927 daAuts
     D:9: 2641 daAuts
     D:8: 1692 daAuts
     D:7: 1668 daAuts
     D:2: 1240 daAuts
     D:3: 1227 daAuts
     D:4: 1156 daAuts
    D:10: 1117 daAuts
     D:1: 1059 daAuts
   Sewer: 871 daAuts
     D:6: 868 daAuts
     D:5: 866 daAuts
   IceCv: 346 daAuts
    D:11: 56 daAuts
  Lair:2: 29 daAuts
